AoeStats
← savageCGN

Black Forest

504427105Analyzed
2v2 RM · 27d ago on Sep 5, 2026· 59m 5s· 4 players
Game mode
Random Map
Map size
Medium (4 player)
Population
200
Speed
Normal
Resources
Standard
Victory
Conquest
Starting age
Dark Age
Ending age
Imperial Age
RankedLock teamsTeams togetherTeam positionsShared explorationLock speedFull tech treeHidden civsTurbo modeCheats
Victory
Defeat
🇩🇪 Malay · Germany
709
+13
🇩🇪 Spanish · Germany
609
+17
🇺🇸 Lithuanians · United States
665
-16
🇲🇽 Ethiopians · Mexico
624
-14
Krabby Step
10:09 Feudal Age
8:25 Loom
19:01 Castle Age
17:34 Scale Mail Armor
18:20 Scale Barding Armor
19:24 Forging
22:17 Chain Barding Armor
23:45 Iron Casting
26:49 Bloodlines
27:21 Husbandry
28:50 Man-at-Arms
29:49 Loom
29:53 Long Swordsman
30:59 Scale Mail Armor
33:17 Chain Mail Armor
34:29 Squires
34:22 Arson
malyuyu
0:51 Loom
17:52 Feudal Age
20:03 Horse Collar
23:17 Double-Bit Axe
26:16 Castle Age
28:02 Bow Saw
29:42 Heavy Plow
31:47 Fletching
38:26 Imperial Age
43:47 Ballistics
44:28 Chemistry
45:36 Wheelbarrow
44:47 Town Watch
46:56 Caravan
49:37 Onager
savageCGN
6:10 Loom
11:41 Feudal Age
18:13 Castle Age
17:24 Double-Bit Axe
20:55 Horse Collar
25:55 Wheelbarrow
25:21 Town Watch
25:58 Scale Barding Armor
25:47 Pikeman
26:28 Squires
27:21 Heavy Plow
29:03 Hand Cart
31:05 Bow Saw
31:47 Gold Mining
35:58 Imperial Age
33:59 Fletching
35:54 Ballistics
35:42 Bodkin Arrow
36:38 Forging
38:10 Crop Rotation
38:50 Chemistry
37:21 Halberdier
39:05 Conscription
41:19 Forced Levy
40:49 Man-at-Arms
42:16 Long Swordsman
43:26 Two-Handed Swordsman
59:03 Iron Casting
58:29 Padded Archer Armor
rafa20058
0:54 Loom
14:39 Feudal Age
15:04 Horse Collar
15:37 Double-Bit Axe
15:40 Fishing Lines
16:09 Town Watch
23:03 Castle Age
24:06 Wheelbarrow
24:27 Heavy Plow
24:41 Bow Saw
26:11 Hand Cart
26:27 Gold Mining
26:56 Stone Mining
29:34 Husbandry
29:38 Squires
28:59 Pikeman
29:43 Scale Mail Armor
31:40 Scale Barding Armor
31:51 Chain Mail Armor
31:36 Padded Archer Armor
31:27 Fletching
31:47 Forging
32:31 Town Patrol
34:16 Ballistics
34:07 Fortified Wall
34:10 Masonry
38:02 Imperial Age
37:21 Stone Shaft Mining
36:42 Guard Tower
36:49 Murder Holes
38:28 Leather Archer Armor
38:38 Arrowslits
39:31 Conscription
41:24 Hoardings
40:35 Cavalier
41:39 Chain Barding Armor
41:51 Sappers
43:18 Plate Mail Armor
43:19 Ring Archer Armor
44:21 Two-Man Saw
45:11 Iron Casting
44:32 Bodkin Arrow
45:07 Ring Archer Armor
46:29 Chemistry
46:28 Bracer
47:29 Blast Furnace
Connection lost

Rejoining the realm…

Still unreachable

The connection could not be restored.

Session expired

The server has moved on; the page needs a fresh start.